AoeStats
← TheKingOfFire

Arabia

509650624Analyzed
1v1 RM · 5d ago on Sep 27, 2026· 49m 38s· 2 players
Game mode
Random Map
Map size
Tiny (2 player)
Population
200
Speed
Normal
Resources
Standard
Victory
Conquest
Starting age
Dark Age
Ending age
Imperial Age
RankedLock teamsTeams togetherTeam positionsShared explorationLock speedFull tech treeHidden civsTurbo modeCheats
Victory
Defeat
🇪🇸 Burgundians · Spain
251
+17
🇨🇱 Tatars · Chile
275
-17
JASON84
0:27 Loom
9:32 Wheelbarrow
12:04 Feudal Age
11:56 Double-Bit Axe
12:11 Horse Collar
13:12 Heavy Plow
13:58 Bow Saw
20:30 Stone Mining
20:38 Gold Mining
23:31 Stone Shaft Mining
22:42 Man-at-Arms
25:30 Arson
26:36 Gold Shaft Mining
30:28 Castle Age
29:10 Padded Archer Armor
30:49 Scale Mail Armor
31:36 Pikeman
32:10 Crossbowman
33:06 Fletching
33:46 Squires
35:50 Husbandry
35:12 Light Cavalry
36:31 Redemption
36:22 Atonement
38:34 Hand Cart
40:18 Two-Man Saw
40:26 Town Watch
41:17 Devotion
41:28 Fervor
41:02 Long Swordsman
41:51 Elite Skirmisher
44:02 Murder Holes
43:59 Guard Tower
43:50 Treadmill Crane
44:21 Fortified Wall
44:32 Ballistics
46:03 Crop Rotation
50:00 Imperial Age
48:57 Cavalier
TheKingOfFire
13:49 Feudal Age
14:27 Town Watch
15:46 Wheelbarrow
26:43 Castle Age
28:12 Crossbowman
29:18 Town Patrol
29:55 Gold Mining
29:56 Double-Bit Axe
33:28 Gold Shaft Mining
34:23 Padded Archer Armor
37:39 Imperial Age
35:58 Light Cavalry
36:49 Bloodlines
36:40 Husbandry
37:36 Leather Archer Armor
37:26 Stone Mining
37:48 Bow Saw
37:21 Horse Collar
41:16 Ballistics
41:56 Chemistry
41:42 Heavy Cavalry Archer
Connection lost

Rejoining the realm…

Still unreachable

The connection could not be restored.

Session expired

The server has moved on; the page needs a fresh start.